 Dungeon Crawl Stone Soup version 0.21.1-1-g345015fe64 (webtiles) character file.

1484 KamiKatze the Chopper (level 8, -1/73 HPs)
             Began as a Deep Dwarf Fighter on Feb 26, 2018.
             Was an Initiate of Makhleb.
             Killed by divine providence
             ... invoked by an orc priest
              (10 damage)
             ... on level 6 of the Dungeon.
             The game lasted 00:20:12 (5708 turns).

KamiKatze the Chopper (Deep Dwarf Fighter)          Turns: 5708, Time: 00:20:12

Health: -1/73      AC: 13    Str: 21    XL:     8   Next: 50%
Magic:  7/7        EV: 10    Int: 10    God:    Makhleb [......]
Gold:   332        SH: 11    Dex: 12    Spells: 7/7 levels left

rFire    + + .     SeeInvis .   a - +1 hand axe (chop)
rCold    . . .     Gourm    .   c - +1 shield
rNeg     . . .     Faith    .   u - +0 scale mail
rPois    .         Spirit   .   A - +0 helmet (curse)
rElec    .         Reflect  .   l - +0 cloak
rCorr    .         Harm     .   k - +2 pair of gloves
MR       +....                  (no boots)
Stlth    ..........             (no amulet)
HPRegen  0.00/turn              h - ring of protection from fire
MPRegen  0.10/turn              x - ring of protection from fire

@: non-regenerating
A: damage resistance, heal wounds, sense surroundings 1, no regeneration
a: Heal Wounds, Renounce Religion


You were on level 6 of the Dungeon.
You worshipped Makhleb.
Makhleb was noncommittal.
You were not hungry.

You visited 2 branches of the dungeon, and saw 7 of its levels.
You also visited: Sewer.

You collected 332 gold pieces.

Inventory:

Hand Weapons
 a - a +1 hand axe of chopping (weapon)
 b - a +0 war axe
Missiles
 p - 168 stones
 t - 5 tomahawks (quivered)
 w - 46 poisoned needles
Armour
 c - a +1 shield (worn)
 k - a +2 pair of gloves (worn)
 l - a +0 cloak (worn)
 u - a +0 scale mail (worn)
 A - a cursed +0 helmet (worn)
Jewellery
 h - a ring of protection from fire (left hand)
 x - a ring of protection from fire (right hand)
Wands
 g - a wand of flame (18)
Scrolls
 o - 4 scrolls of teleportation
 q - 2 scrolls of remove curse
 r - 2 scrolls of amnesia
 v - 3 scrolls of immolation
 C - 2 scrolls of magic mapping
Potions
 d - 2 potions of might
 e - 2 potions of heal wounds
 i - 2 potions of flight {unknown}
 j - a potion of berserk rage {unknown}
 m - 3 potions of curing {unknown}
 n - a potion of lignification {unknown}
 B - a potion of degeneration {unknown}
Books
 y - a book of Maledictions

   Spells                             Type                      Level
   a - Corona                         Hexes                        1
   b - Ensorcelled Hibernation        Hexes/Ice                    2
   c - Confuse                        Hexes                        3
   d - Tukima's Dance                 Hexes                        3
   e - Dazzling Spray                 Conjuration/Hexes            3
Comestibles
 f - 8 rations


   Skills:
 + Level 4.7 Fighting
 * Level 7.1 Axes
 + Level 5.9 Armour
 * Level 4.1 Dodging
 + Level 5.7 Shields


You had 7 spell levels left.
You didn't know any spells.

Dungeon Overview and Level Annotations

Branches:
Dungeon (6/15)             Temple (1/1) D:6

Altars:
Ashenzari
Cheibriados
Dithmenos
Fedhas
Gozag
Hepliaklqana
Makhleb
Nemelex Xobeh
Okawaru
Ru
Sif Muna
Trog
Uskayaw
Vehumet
Wu Jian
Xom
Yredelemnul
The Shining One

Shops:
D:5 [


Innate Abilities, Weirdness & Mutations

You are resistant to damage.
You can heal yourself by infusing magical energy.
You passively map a small area around you.
You do not regenerate.


Message History

Makhleb accepts your kill.
The orc priest invokes the aid of Beogh against you.
Beogh smites you!
* * * LOW HITPOINT WARNING * * *
You hit the orc priest.
The orc priest is heavily wounded.
You block the orc priest's attack.
You closely miss the orc priest.
The orc priest is heavily wounded.
The orc priest looks satisfied for a moment.
You closely miss the orc priest.
The orc priest is heavily wounded.
The orc priest calls down the wrath of Beogh upon you.
Beogh smites you!
* * * LOW HITPOINT WARNING * * *
You hit the orc priest but do no damage.
The orc priest is heavily wounded.
The orc priest invokes the aid of Beogh against you.
Beogh smites you!
You die...

, , , , * , , ,* , , *
* , ### * ### , ###...
, ...###. , ,
,.....#,#.!.... , * *
* ..#.#.#...# ,* *
#.#.#.#o.# ,,#?@o#..#
,* #.#.#.#.# , #,#
*..#.#.#..# .#.#
#...#.#...####..#.##..
#.........[#.#.#.#.#..
#####......>#.#.#..'.≈
..........#.#.#.#.#
,......####.#.#.#.##
.......# #.#.#.#.#.#,


You could see an orc priest.

Vanquished Creatures
  A phantom (D:4)
  An ogre (D:4)
  A centaur (D:5)
  5 big kobolds (Sewer)
  3 killer bees (D:5)
  3 howler monkeys
  4 orc priests
  A hound (D:4)
  2 orc wizards
  An iguana (D:6)
  3 worker ants
  Robin (D:3)
  5 gnolls
  10 adders
  A river rat (Sewer)
  5 oozes
  An adder skeleton (D:4)
  3 worms
  A dart slug (D:3)
  3 leopard geckos
  21 orcs
  5 ball pythons
  5 bats
  4 giant cockroaches
  15 goblins
  11 hobgoblins
  4 jackals (D:1)
  A quokka (D:2)
  5 frilled lizards
  9 kobolds
  8 rats
143 creatures vanquished.

Notes
Turn   | Place    | Note
-------+----------+-------------------------------------------
     0 | D:1      | KamiKatze the Deep Dwarf Fighter began the quest for the Orb.
     0 | D:1      | Reached XP level 1. HP: 20/20 MP: 1/1
   128 | D:1      | Reached XP level 2. HP: 27/27 MP: 2/2
   498 | D:1      | Reached skill level 3 in Axes
   735 | D:2      | Reached XP level 3. HP: 30/33 MP: 3/3
  1017 | D:2      | Reached XP level 4. HP: 31/42 MP: 4/4
  1602 | D:3      | Noticed Robin
  1610 | D:3      | Killed Robin
  1610 | D:3      | Reached skill level 4 in Axes
  1615 | D:3      | Reached XP level 5. HP: 27/49 MP: 5/5
  1896 | D:3      | Found a glowing drain.
  1919 | Sewer    | Entered a sewer
  2077 | Sewer    | Reached XP level 6. HP: 20/56 MP: 6/6
  2171 | Sewer    | Reached skill level 5 in Axes
  2363 | Sewer    | Reached XP level 7. HP: 13/64 MP: 7/7
  2539 | Sewer    | Reached skill level 5 in Armour
  2539 | Sewer    | Reached skill level 1 in Dodging
  3297 | D:4      | Reached skill level 5 in Shields
  3475 | D:4      | Reached skill level 6 in Axes
  3876 | D:4      | Reached XP level 8. HP: 11/73 MP: 8/8
  4182 | D:5      | Entered Level 5 of the Dungeon
  4189 | D:5      | Found Zagoabu's Armour Shoppe.
  4306 | D:5      | Found a bloodstained altar of Trog.
  4782 | D:5      | Reached skill level 7 in Axes
  5305 | D:6      | Found a staircase to the Ecumenical Temple.
  5314 | Temple   | Entered the Ecumenical Temple
  5618 | Temple   | Became a worshipper of Makhleb the Destroyer
  5708 | D:6      | Killed from afar by an orc priest

Skill      XL: |  1  2  3  4  5  6  7  8 |
---------------+-------------------------+-----
Axes           | 3 4 5 6 7 |  7.1
Fighting       | 3 4 |  4.7
Armour         | 4 5 |  5.9
Shields        | 4 5 |  5.7
Dodging        | 3 4 |  4.1

Action                   |  1- 3 |  4- 6 |  7- 9 || total
-------------------------+-------+-------+-------++-------
Melee: War axe           |    76 |   177 |    82 ||   335
       Hand axe          |       |       |   197 ||   197
Throw: Stone             |     1 |     3 |     2 ||     6
       Tomahawk          |       |       |    22 ||    22
 Abil: Heal Wounds       |       |     1 |     6 ||     7
  Use: Scroll            |     4 |       |     6 ||    10
  Eat: Chunk             |       |     5 |     7 ||    12
       Ration            |       |       |     2 ||     2
Armor: Scale mail        |    45 |    68 |    91 ||   204
Dodge: Dodged            |    24 |    44 |    83 ||   151
Block: Shield            |    48 |   109 |   144 ||   301
